 Dungeon Crawl Stone Soup version 0.19.0-2-gae57169 (webtiles) character file.

5525 Patchouli the Thaumaturge (level 10, -1/50 HPs)
             Began as a Deep Elf Ice Elementalist on Nov 2, 2016.
             Was an Elder of Kikubaaqudgha.
             Slain by a yak (15 damage)
             ... on level 11 of the Dungeon.
             The game lasted 01:09:39 (7288 turns).

Patchouli the Thaumaturge (DEIE)                    Turns: 7288, Time: 01:09:42

Health: -1/50      AC: 15    Str:  7    XL:     10   Next: 43%
Magic:  14/27      EV:  6    Int: 22    God:    Kikubaaqudgha [****..]
Gold:   346        SH:  0    Dex: 15    Spells: 8 memorised, 7 levels left

rFire  + . .     SeeInvis .     a - +1 iron rod (10/10)
rCold  . . .     Gourm    .     R - +2 leather armour {MR+}
rNeg   + . .     Faith    .     (no shield)
rPois  +         Spirit   .     (no helmet)
rElec  +         Reflect  .     (no cloak)
rCorr  .         Harm     .     P - +1 pair of gloves
MR     ++...                    (no boots)
Stlth  ++........               m - amulet of Pifajot {Inacc rElec rF+ rN+ Dex-2}
                                k - ring of wizardry
                                d - ring of wizardry

@: icy armour, about to teleport, held, slow
A: agile 1, poison resistance
a: Receive Corpses, Renounce Religion


You were on level 11 of the Dungeon.
You worshipped Kikubaaqudgha.
Kikubaaqudgha was greatly pleased with you.
You were not hungry.

You visited 3 branches of the dungeon, and saw 13 of its levels.

You collected 346 gold pieces.

Inventory:

Hand Weapons
 b - a +0 whip of electrocution
 i - a +0 spear
 n - a +3 mace
 K - the +6 long sword "Killer Bee's Doom" {flame, +Rage rPois MP-9 Int+6}
   (You found it on level 10 of the Dungeon)

   It has been specially enchanted to burn those struck by it, causing extra
   injury to most foes and up to half again as much damage against particularly
   susceptible opponents.
   Big, fiery blades are also staple armaments of hydra-hunters.
   It affects your intelligence (+6).
   It protects you from poison.
   It affects your magic capacity (-9).
   It lets you go berserk.
 S - the +8 war axe "Beetleslayer" {vamp, *Corrode rN+ Str-2 Dex+6, unknown}
   (You took it off an orc on level 9 of the Dungeon)

   It inflicts no extra harm, but heals its wielder when it wounds a living foe.
   It affects your strength (-2).
   It affects your dexterity (+6).
   It protects you from negative energy.
   It may corrode you when you take damage.
Missiles
 r - 8 tomahawks (quivered)
Armour
 P - a +1 pair of gloves (worn)
 R - a +2 leather armour of magic resistance (worn)
Rods
 a - a +1 iron rod (10/10) (in hand)
   (You found it on level 6 of the Dungeon)
Jewellery
 d - a ring of wizardry (left hand)
 k - a ring of wizardry (right hand)
 m - the amulet of Pifajot (around neck) {Inacc rElec rF+ rN+ Dex-2}
   (You found it on level 4 of the Dungeon)

   [amulet of inaccuracy]

   It reduces the accuracy of all your attacks.
   It affects your dexterity (-2).
   It protects you from fire.
   It insulates you from electricity.
   It protects you from negative energy.
 N - an uncursed amulet of guardian spirit
Wands
 C - a wand of iceblast (2/15)
 E - a wand of lightning (0/15)
 F - a wand of polymorph (11/24)
 J - a wand of slowing (25/48)
 O - a wand of iceblast (10/15)
 Q - a wand of heal wounds (2/9)
 U - a wand of polymorph (7/24)
Scrolls
 e - 2 scrolls of recharging {unknown}
 j - a scroll of blinking
 l - a scroll of amnesia {unknown}
 o - a scroll of remove curse
 q - a scroll of teleportation
 s - 10 scrolls of identify
 w - a scroll of magic mapping {unknown}
 x - 2 scrolls of fear {unknown}
 I - a scroll of acquirement {unknown}
Potions
 c - a potion of cure mutation
 f - 5 potions of heal wounds
 p - 4 potions of flight {unknown}
 v - a potion of degeneration {unknown}
 z - 2 potions of curing
 A - 2 potions of agility
 D - 2 potions of brilliance
Books
 g - a book of Flames

   Spells                             Type                      Level
   a - Flame Tongue                   Conjuration/Fire             1
   b - Throw Flame                    Conjuration/Fire             2
   c - Conjure Flame                  Conjuration/Fire             3
   d - Inner Flame                    Hexes/Fire                   3
   e - Sticky Flame                   Conjuration/Fire             4
   f - Fireball                       Conjuration/Fire             5
 t - a book of Misfortune

   Spells                             Type                      Level
   a - Confusing Touch                Hexes                        1
   b - Confuse                        Hexes                        3
   c - Gell's Gravitas                Hexes/Translocation          3
   d - Petrify                        Transmutation/Earth          4
   e - Metabolic Englaciation         Hexes/Ice                    5
   f - Yara's Violent Unravelling     Hexes/Transmutation          5
 u - Kikubaaqudgha's Collected Works on Black Secrets
   (Kikubaaqudgha gifted it to you on level 5 of the Dungeon)

   Spells                             Type                      Level
   a - Pain                           Necromancy                   1
   b - Corpse Rot                     Necromancy                   2
   c - Sublimation of Blood           Necromancy                   2
   d - Vampiric Draining              Necromancy                   3
   e - Control Undead                 Necromancy                   4
 y - a book of Changes

   Spells                             Type                      Level
   a - Beastly Appendage              Transmutation                1
   b - Sticks to Snakes               Transmutation                2
   c - Spider Form                    Transmutation/Poison         3
   d - Ice Form                       Ice/Transmutation            4
   e - Blade Hands                    Transmutation                5
 G - a book of Frost

   Spells                             Type                      Level
   a - Freeze                         Ice                          1
   b - Throw Frost                    Conjuration/Ice              2
   c - Ozocubu's Armour               Charms/Ice                   3
   d - Throw Icicle                   Conjuration/Ice              4
   e - Summon Ice Beast               Ice/Summoning                4
 L - Kikubaaqudgha's Reference Book on Evil
   (Kikubaaqudgha gifted it to you on level 9 of the Dungeon)

   Spells                             Type                      Level
   a - Animate Dead                   Necromancy                   4
   b - Excruciating Wounds            Charms/Necromancy            5
   c - Agony                          Necromancy                   5
   d - Dispel Undead                  Necromancy                   5
   e - Simulacrum                     Ice/Necromancy               6
Comestibles
 B - a meat ration
 H - a royal jelly
 M - 2 bread rations


   Skills:
 * Level 1.9 Armour
 - Level 2.4 Dodging
 - Level 2.5 Stealth
 * Level 11.4 Spellcasting
 * Level 7.5 Conjurations
 - Level 1.3 Charms
 - Level 7.0 Summonings
 * Level 5.0 Necromancy
 * Level 8.6 Ice Magic
 * Level 0.0 Evocations


You had 7 spell levels left.
You knew the following spells:

 Your Spells              Type           Power        Failure   Level  Hunger
a - Freeze                Ice            ####         1%          1    None
b - Throw Frost           Conj/Ice       #####.       1%          2    None
d - Dispel Undead         Necr           #####...     9%          5    ####...
i - Summon Ice Beast      Ice/Summ       #####...     1%          4    None
q - Ozocubu's Armour      Chrm/Ice       ####....     1%          3    None
s - Sublimation of Blood  Necr           #####.....   1%          2    None
t - Throw Icicle          Conj/Ice       #####...     1%          4    None
v - Vampiric Draining     Necr           #####.....   1%          3    None


Dungeon Overview and Level Annotations

Branches:
Dungeon (11/15)            Temple (1/1) D:4             Orc (1/2) D:9
   Lair: D:8-11

Altars:
Ashenzari
Cheibriados
Dithmenos
Elyvilon
Fedhas
Gozag
Hepliaklqana
Kikubaaqudgha
Makhleb
Nemelex Xobeh
Okawaru
Qazlal
Ru
Sif Muna
Trog
Uskayaw
Vehumet
Xom
Yredelemnul
Zin
The Shining One

Annotations:
D:3 Jessica; Quirk's ghost, amateur MiFi
D:5 Edmund
D:11 Harold


Innate Abilities, Weirdness & Mutations

You are agile. (Dex +2)
Your system is resistant to poisons. (rPois)


Message History

You can't do that while held in a net.
You can't do that while held in a net.
You rip the net and break free!
The centaur shoots an arrow.
The arrow hits you.
The yak gores something.
The bullfrog struggles against the net.
The orc wizard begins to cast a cantrip, but forgets the words!
Harold throws a throwing net.
The throwing net hits you.
You become entangled in the net!
The crocodile bites something!
The orc priest begins to cast a cantrip, but forgets the words!
The yak gores something!
Okay, then.
As you read the scroll of teleportation, it crumbles to dust.
You feel strangely unstable.
The yak bellows!
The centaur shoots an arrow.
The arrow hits you.
* * * LOW HITPOINT WARNING * * *
The porcupine bites something.
The bullfrog struggles against the net.
The yak gores you!
You die...
Kikubaaqudgha rasps: "You have failed me!
Welcome... death!"

#...........
#...........
#....(......
#...........
####...........
........l...♣♣.
.......(F.Y..l.
.......@Yo.o.oo
.........#.YY♣l
(........#


.tr ....@....+ . .........# .........# .......c.# .........# You could see
Harold, 4 yaks, 3 basilisks, a crocodile, a bullfrog (caught), a centaur, a
porcupine (wandering), an orc priest, an orc wizard and 2 orcs.

Vanquished Creatures
  A centaur zombie (D:11)
  Prince Ribbit (D:5)
  A wraith (D:10)
  2 yaks (D:10)
  Eustachio (D:5)
  An orc warrior (D:7)
  A sky beast (D:7)
  2 phantoms
  A bullfrog (D:10)
  A wight (D:2)
  9 electric eels (D:10)
  5 crimson imps
  A bullfrog skeleton (D:4)
  A hound (D:9)
  6 orc priests
  4 orc wizards
  Terence (D:2)
  Natasha (D:2)
  3 iguanas
  3 worker ants
  7 adders
  2 oozes
  2 worms (D:3)
  3 dart slugs (D:1)
  3 leopard geckos
  32 orcs
  2 ball pythons
  A giant cockroach (D:4)
  3 goblins
  2 hobgoblins
  4 jackals (D:2)
  4 kobolds
  2 quokkas
  6 bats
  3 frilled lizards
  A jackal zombie (D:5)
  2 rats (D:1)
125 creatures vanquished.

Vanquished Creatures (collateral kills)
  Erolcha (D:9)
  Pikel (D:7)
  Joseph (D:9)
  3 yaks (D:10)
  A steam dragon (D:9)
  4 wargs (D:9)
  A soldier ant (D:10)
  2 sky beasts
  5 ice beasts
  3 orc warriors
  An eye of draining (D:9)
  A phantom (D:7)
  2 black bears
  2 ogres
  2 centaurs
  A crocodile (D:8)
  2 big kobolds
  3 bullfrogs
  A wyvern skeleton (D:7)
  4 scorpions
  2 crimson imps
  A quasit (D:8)
  A centaur zombie (D:7)
  2 bullfrog skeletons
  A centaur skeleton (D:8)
  A hound (D:9)
  4 jellies
  2 orc priests
  2 iguanas
  4 orc wizards
  2 worker ants
  A hound skeleton (D:7)
  A worker ant zombie (D:7)
  A howler monkey skeleton (D:7)
  2 adders
  3 shadow imps
  A leopard gecko (D:9)
  13 orcs
  3 jackals (D:5)
  5 kobolds (D:8)
93 creatures vanquished.

Grand Total: 218 creatures vanquished

Notes
Turn   | Place    | Note
-------+----------+-------------------------------------------
     0 | D:1      | Patchouli the Deep Elf Ice Elementalist began the quest for the Orb.
     0 | D:1      | Reached XP level 1. HP: 10/10 MP: 6/6
   121 | D:1      | Reached XP level 2. HP: 12/15 MP: 3/8
   125 | D:1      | Learned a level 2 spell: Throw Frost
   228 | D:1      | Reached skill level 4 in Spellcasting
   285 | D:2      | Noticed Natasha
   297 | D:2      | Killed Natasha
   297 | D:2      | Reached XP level 3. HP: 3/19 MP: 4/10
   316 | D:2      | Learned a level 3 spell: Ozocubu's Armour
   572 | D:2      | Noticed Terence
   584 | D:2      | Killed Terence
   584 | D:2      | Reached XP level 4. HP: 22/24 MP: 0/12
   625 | D:2      | Found a burning altar of Makhleb.
   648 | D:2      | Found a white marble altar of Elyvilon.
   732 | D:2      | Found an iron altar of Okawaru.
   789 | D:3      | Noticed Quirk's ghost (amateur MiFi)
   815 | D:3      | Learned a level 4 spell: Summon Ice Beast
   823 | D:3      | Reached skill level 1 in Charms
   974 | D:4      | Reached skill level 5 in Spellcasting
  1080 | D:4      | Reached skill level 1 in Summonings
  1080 | D:4      | Reached XP level 5. HP: 28/28 MP: 7/14
  1086 | D:4      | Learned a level 4 spell: Throw Icicle
  1119 | D:4      | Found a stormy altar of Qazlal.
  1209 | D:3      | Noticed Jessica
  1236 | D:2      | Gained mutation: You are agile. (Dex +2) [potion of mutation]
  1236 | D:2      | Gained mutation: Your system is resistant to poisons. (rPois) [potion of mutation]
  1425 | D:4      | Found a staircase to the Ecumenical Temple.
  1443 | Temple   | Entered the Ecumenical Temple
  1575 | Temple   | Became a worshipper of Kikubaaqudgha
  1999 | D:4      | Reached XP level 6. HP: 11/32 MP: 7/16
  2070 | D:4      | Got a coiled graven amulet
  2071 | D:4      | Identified the amulet of Pifajot {Inacc rElec rF+ rN+ Dex-2} (You found it on level 4 of the Dungeon)
  2083 | D:4      | Found a radiant altar of Vehumet.
  2147 | D:5      | Entered Level 5 of the Dungeon
  2164 | D:5      | Reached skill level 6 in Spellcasting
  2167 | D:5      | Reached skill level 5 in Ice Magic
  2206 | D:6      | Noticed an ice beast
  2228 | D:6      | Killed an ice beast
  2273 | D:5      | Noticed Eustachio
  2334 | D:5      | Killed Eustachio
  2370 | D:5      | Noticed Edmund
  2498 | D:5      | Reached XP level 7. HP: 36/36 MP: 12/19
  2572 | D:5      | Noticed Prince Ribbit
  2584 | D:5      | Reached * piety under Kikubaaqudgha
  2584 | D:5      | Identified Kikubaaqudgha's Collected Works on Black Secrets (Kikubaaqudgha gifted it to you on level 5 of the Dungeon)
  2584 | D:5      | Received a gift from Kikubaaqudgha
  2602 | D:5      | Killed Prince Ribbit
  2602 | D:5      | Reached skill level 7 in Spellcasting
  2695 | D:5      | Learned a level 3 spell: Vampiric Draining
  2698 | D:5      | Learned a level 2 spell: Sublimation of Blood
  2718 | D:5      | Reached skill level 1 in Necromancy
  3477 | D:6      | Found a faded altar of an unknown god.
  3477 | D:6      | Found a faded altar of an unknown god.
  3483 | D:6      | Found a faded altar of an unknown god.
  3487 | D:6      | Found a snail-covered altar of Cheibriados.
  3488 | D:6      | Found a faded altar of an unknown god.
  3520 | D:6      | Found a deep blue altar of Sif Muna.
  3606 | D:6      | Found a bloodstained altar of Trog.
  3693 | D:7      | Reached XP level 8. HP: 34/41 MP: 14/21
  3719 | D:7      | Reached skill level 8 in Spellcasting
  3910 | D:8      | Found a basalt altar of Yredelemnul.
  3935 | D:8      | Reached skill level 5 in Summonings
  4060 | D:9      | Found a staircase to the Orcish Mines.
  4085 | D:8      | Reached ** piety under Kikubaaqudgha
  4402 | D:8      | Reached skill level 9 in Spellcasting
  4736 | D:7      | Noticed Pikel
  4764 | D:7      | Killed Pikel
  4764 | D:7      | Reached XP level 9. HP: 38/45 MP: 12/24
  5100 | D:7      | Reached skill level 5 in Conjurations
  5396 | D:9      | Noticed Joseph
  5431 | D:9      | Killed Joseph
  5431 | D:9      | Reached *** piety under Kikubaaqudgha
  5431 | D:9      | Identified Kikubaaqudgha's Reference Book on Evil (Kikubaaqudgha gifted it to you on level 9 of the Dungeon)
  5431 | D:9      | Received a gift from Kikubaaqudgha
  5564 | D:9      | Reached skill level 10 in Spellcasting
  5802 | D:9      | Noticed Erolcha
  5854 | D:9      | Killed Erolcha
  5874 | D:9      | Got a dazzling war axe {vamp}
  6047 | D:9      | Learned a level 5 spell: Dispel Undead
  6136 | Orc:1    | Entered Level 1 of the Orcish Mines
  6143 | Orc:1    | Noticed an orc knight
  6144 | Orc:1    | Noticed a stone giant
  6235 | D:9      | Reached **** piety under Kikubaaqudgha
  6282 | D:10     | Entered Level 10 of the Dungeon
  6325 | D:10     | Reached skill level 11 in Spellcasting
  6460 | D:10     | Reached XP level 10. HP: 50/50 MP: 22/27
  6512 | D:10     | Reached skill level 1 in Armour
  6807 | D:9      | Found a glowing golden altar of the Shining One.
  7196 | D:10     | Got a bloodstained long sword
  7199 | D:10     | Identified the +6 long sword "Killer Bee's Doom" {flame, +Rage rPois MP-9 Int+6} (You found it on level 10 of the Dungeon)
  7250 | D:10     | Reached skill level 5 in Necromancy
  7271 | D:10     | Found a shattered altar of Ashenzari.
  7281 | D:11     | Noticed Harold
  7288 | D:11     | Slain by a yak

Skill      XL: |  1  2  3  4  5  6  7  8  9 10 |
---------------+-------------------------------+-----
Spellcasting   | 4 5 6 7 9 11 | 11.4
Ice Magic      | 4 5 6 8 |  8.6
Charms         | 1 |  1.3
Conjurations   | 2 4 6 7 |  7.5
Summonings     | 1 2 3 4 6 7 |  7.0
Necromancy     | 2 3 5 |  5.0
Armour         | 1 |  1.9
Dodging        | |  2.4
Stealth        | |  2.5

Action                   |  1- 3 |  4- 6 |  7- 9 | 10-12 || total
-------------------------+-------+-------+-------+-------++-------
Melee: Spear             |       |    36 |    18 |       ||    54
       Flail             |       |     4 |       |       ||     4
       Mace              |       |       |     9 |       ||     9
       Whip              |       |       |    14 |       ||    14
       Short sword       |       |       |     3 |       ||     3
Throw: Tomahawk          |       |       |     1 |       ||     1
 Cast: Freeze            |    33 |    67 |    68 |    16 ||   184
       Ozocubu's Armour  |     1 |    12 |    23 |     2 ||    38
       Throw Frost       |       |    11 |    16 |     7 ||    34
       Summon Ice Beast  |       |     7 |    77 |     9 ||    93
       Throw Icicle      |       |     3 |    19 |    18 ||    40
       Sublimation of Bl |       |       |    17 |     5 ||    22
       Vampiric Draining |       |       |     4 |     5 ||     9
       Dispel Undead     |       |       |       |     5 ||     5
Evoke: Rod               |       |     1 |    11 |       ||    12
       Wand              |       |       |       |     4 ||     4
  Use: Scroll            |       |     6 |     1 |     3 ||    10
       Potion            |       |     5 |       |       ||     5
 Stab: Sleeping          |       |     3 |     2 |       ||     5
       Distracted        |       |     1 |     1 |       ||     2
  Eat: Chunk             |       |     5 |    14 |     4 ||    23
       Beef jerky        |       |     1 |       |       ||     1
       Bread ration      |       |       |     2 |       ||     2
       Pizza             |       |       |     1 |       ||     1
Armor: Robe              |     3 |    25 |    19 |       ||    47
       Leather armour    |       |       |    13 |     7 ||    20
Dodge: Dodged            |    14 |    51 |    84 |    24 ||   173
